Map: Void Thrashing

Players

Ritchu

  • Race: Protoss Protoss
  • Spawn Location: 6:00

NamroodTuo

  • Race: Zerg Zerg

VOD

Have the link to the VOD?

Description

Time

  • Played on: March 5, 2023, 10:57 a.m.
  • Length: 23:35
Show
View Real Time Build Order
Export as new Build Order

Ritchu Protoss 

Build Orders:  

Get SALT Encoding   

  12  0:02  Probe (Chrono Boost)  
  13  0:16  Probe (Chrono Boost)  
  14  0:28  Pylon  
  14  0:31  Probe (Chrono Boost)  
  15  0:44  Assimilator  
  15  0:53  Probe (Chrono Boost)  
  16  1:05  Gateway  
  16  1:08  Probe (Chrono Boost)  
  17  1:22  Probe (Chrono Boost)  
  18  1:36  Probe (Chrono Boost)  
  19  1:41  Assimilator  
  19  1:50  Probe (Chrono Boost)  
  20  2:04  Probe (Chrono Boost)  
  20  2:06  Pylon  
  21  2:13  Cybernetics Core  
  21  2:18  Probe (Chrono Boost)  
  22  2:31  Probe (Chrono Boost)  
  22  2:36  Forge  
  23  2:45  Probe (Chrono Boost)  
  24  2:59  Probe (Chrono Boost)  
  25  3:13  Probe (Chrono Boost), Dragoon  
  28  3:25  Twilight Council  
  28  3:27  Probe (Chrono Boost)  
  29  3:34  Gateway  
  29  3:38  Pylon  
  29  3:42  Probe (Chrono Boost)  
  31  4:01  Pylon  
  31  4:04  Dragoon  
  32  4:24  Singularity Charge  
  32  4:51  Nexus  
  32  4:58  Dragoon  
  34  5:13  Dragoon  
  36  5:29  Assimilator  
  36  5:33  Pylon  
  36  5:58  Stargate  
  36  6:06  Templar Archives  
  36  6:11  Gateway  
  36  6:15  Probe (Chrono Boost)  
  38  6:32  Probe (Chrono Boost)  
  38  6:43  Dragoon x2  
  42  6:54  Probe (Chrono Boost)  
  42  6:57  Probe (Chrono Boost)  
  44  7:01  Pylon  
  44  7:08  Probe (Chrono Boost)  
  45  7:12  Probe (Chrono Boost)  
  45  7:15  Assimilator  
  46  7:22  Probe (Chrono Boost)  
  46  7:26  Probe (Chrono Boost)  
  46  7:27  Psionic Storm  
  48  7:33  Protoss Shields Level 1  
  48  7:35  Probe (Chrono Boost)  
  49  7:44  Gateway  
  49  7:55  Probe x2 (Chrono Boost)  
  51  8:09  Probe x2 (Chrono Boost)  
  52  8:13  Pylon  
  52  8:14  High Templar  
  52  8:16  High Templar, Pylon  
  57  8:22  Probe (Chrono Boost)  
  57  8:23  Probe (Chrono Boost)  
  59  8:36  Probe (Chrono Boost)  
  60  9:00  Probe x2 (Chrono Boost)  
  62  9:11  High Templar x2  
  62  9:14  Probe x2 (Chrono Boost), Archon  
  62  9:15  Archon  
  68  9:28  Probe x2 (Chrono Boost)  
  70  9:35  High Templar x2  
  70  9:37  Archon  
  70  9:39  Protoss Shields Level 2  
  74  9:42  Probe (Chrono Boost)  
  75  9:52  Gateway  
  75  9:56  Gateway  
  75  10:02  Gateway x2  
  75  10:41  High Templar x2  
  75  10:44  Archon  
  79  11:19  High Templar x2  
  83  11:23  Archon  
  83  11:49  Forge  
  83  12:00  Charge  
  83  12:10  High Templar x2  
  83  12:12  Archon  
  87  12:21  Protoss Shields Level 3  
  87  13:03  Protoss Ground Weapons Level 1  
  87  13:13  High Templar  
  89  13:23  High Templar  
  89  13:27  Archon  
  91  13:47  Pylon  
  91  13:49  Pylon  
  91  13:52  Pylon  
  91  13:53  Pylon  
  91  13:56  Pylon  
  91  13:57  Pylon  
  91  14:11  High Templar  
  91  14:17  High Templar  
  91  14:19  Archon  
  95  14:25  Zealot x3  
  95  14:26  Zealot x2  
  95  14:27  Zealot  
  105  15:01  High Templar x2  
  105  15:03  Archon  
  109  15:16  High Templar  
  109  15:17  High Templar  
  109  15:19  Archon  
  105  15:35  Protoss Ground Weapons Level 2  
  89  15:55  Robotics Facility  
  85  16:12  Protoss Ground Armor Level 1  
  75  17:08  Observer  
  64  17:38  Observer  
  63  18:01  High Templar  
  63  18:02  High Templar  
  63  18:04  High Templar x2  
  63  18:08  Observer  
  63  18:09  Archon x2  
  72  18:41  Observer  
  72  18:57  High Templar, Protoss Ground Weapons Level 3  
  72  18:58  High Templar  
  72  18:59  Archon  
  76  19:04  Dragoon x2  
  76  19:05  Dragoon x3  
  76  19:09  Dragoon  
  84  20:20  High Templar x2  
  84  20:22  Archon  
  88  21:10  Dragoon x2  
  88  21:11  Dragoon x2  
  88  21:12  Dragoon x4  
  100  21:52  Observer  
  97  22:09  Dragoon x2  
  99  22:10  Dragoon x2  
  99  22:11  Dragoon x2  
  99  22:12  Dragoon  
  99  22:13  Zealot  
  68  23:12  Dragoon x3  
  68  23:13  Dragoon x4  
  68  23:14  Dragoon  
Show
View Real Time Build Order
Export as new Build Order

NamroodTuo Zerg 

Build Orders:  

Get SALT Encoding   

  12  0:07  Infested SCV  
  13  0:27  Infested Barracks  
  13  0:35  Infested SCV  
  14  0:45  Overlord  
  14  0:52  Infested SCV  
  15  1:08  Overlord  
  15  1:14  Infested SCV  
  15  1:16  Infested SCV  
  17  1:29  Infested SCV  
  18  1:42  Infestation Level 1  
  18  1:48  Infested SCV  
  19  1:55  Infested SCV  
  20  2:10  Infested SCV  
  20  2:18  Infested Refinery  
  21  2:22  Infested Refinery  
  21  2:30  Infested SCV  
  22  2:46  Infested Engineering Bay  
  22  2:53  Infested SCV  
  23  3:02  Infested SCV  
  24  3:18  Infested SCV  
  25  3:31  Infested SCV  
  25  3:35  Infested Barracks Tech Lab  
  25  3:39  Stukov Infantry Weapons Level 1  
  26  4:04  Infested Factory  
  26  4:10  Infested SCV  
  26  4:13  Infested SCV  
  26  4:18  Overlord  
  28  5:07  Infested Marine  
  28  5:08  Infested Marine x9  
  38  5:19  Retinal Augmentation  
  38  5:33  Overlord x3  
  38  5:34  Overlord  
  31  5:42  Infested Bunker  
  32  5:58  Infested Marine  
  32  5:59  Infested Marine x9  
  42  6:10  Infestation Level 2  
  42  6:14  Infested SCV  
  42  6:15  Infested SCV  
  42  6:19  Stukov Infantry Armor Level 1  
  44  6:36  Infested Marine  
  44  6:37  Infested Marine x6  
  51  7:01  Infested Marine  
  51  7:02  Infested Marine x4  
  56  7:19  Infested Barracks  
  46  7:21  Infested Missile Turret  
  46  7:42  Infested Command Center  
  39  8:10  Anaerobic Enhancement  
  34  8:31  Infested Marine  
  34  8:32  Infested Marine x9  
  34  8:36  Stukov Infantry Weapons Level 2  
  48  8:58  Infested Bunker  
  48  9:06  Overlord x4  
  48  9:10  Overlord  
  48  9:24  Infested SCV x3  
  51  9:47  Infested SCV  
  42  9:54  Infested SCV  
  43  10:11  Infested Barracks  
  43  10:23  Infested Marine  
  43  10:24  Infested Marine x16  
  59  11:03  Infested SCV  
  59  11:04  Infested SCV x3  
  63  11:12  Infested Bunker  
  67  11:26  Infested Barracks  
  67  11:32  Infested Marine x3  
  67  11:33  Infested Marine x9  
  62  11:46  Infested Marine  
  62  11:47  Infested Marine x7  
  62  11:48  Infested Marine x11  
  81  11:56  Stukov Infantry Armor Level 2  
  81  12:22  Infested SCV x3  
  81  12:23  Infested SCV x2  
  74  12:53  Infested Marine  
  74  12:54  Infested Marine x16  
  74  12:55  Infested Marine x15  
  87  13:18  Infested Bunker  
  91  13:57  Infested SCV x3  
  91  13:58  Infested SCV x2  
  96  14:07  Infested Missile Turret  
  64  14:14  Infested Marine x7  
  64  14:15  Infested Marine x22  
  64  14:16  Infested Marine x11  
  99  14:42  Infested Marine  
  99  14:43  Infested Marine x11  
  99  14:44  Infested Marine x9  
  119  15:19  Infested Marine  
  120  15:20  Infested Marine x6  
  120  15:25  Infested Marine  
  120  15:28  Overlord  
  120  15:29  Overlord x4  
  93  15:32  Overlord x4  
  93  15:33  Overlord  
  93  15:37  Infested Marine x7  
  93  15:38  Infested Marine x18  
  91  16:20  Infested Armory  
  91  16:27  Infested Refinery  
  91  16:37  Infested Marine  
  91  16:38  Infested Marine x14  
  91  16:39  Infested Marine x17  
  115  16:47  Stukov Infantry Weapons Level 3  
  96  17:04  Infested Marine x6  
  96  17:05  Infested Marine x19  
  99  17:32  Infested Marine x4  
  99  17:33  Infested Marine x18  
  120  17:44  Infested Barracks  
  110  17:51  Infested SCV x2  
  110  17:52  Infested SCV  
  115  18:15  Infested Barracks  
  115  18:18  Infested Marine  
  115  18:19  Infested Marine x10  
  107  18:20  Infested Marine x2  
  107  18:27  Infested Marine  
  107  18:28  Infested Marine x21  
  107  18:29  Infested Marine x7  
  137  18:38  Infested Marine  
  137  18:39  Infested Marine x7  
  135  18:47  Infested Bunker  
  125  18:54  Infested Marine  
  125  18:55  Infested Marine x14  
  144  19:19  Infested Bunker  
  144  19:20  Infested Marine  
  144  19:21  Infested Marine x11  
  156  19:30  Infested Bunker  
  143  19:41  Infested Marine  
  143  19:42  Infested Marine x18  
  143  19:43  Infested Marine x14  
  143  19:46  Stukov Infantry Armor Level 3  
  124  20:36  Infested Marine  
  124  20:37  Infested Marine x11  
  124  20:38  Infested Marine x21  
  124  20:39  Infested Marine x9  
  120  21:08  Infested Marine  
  120  21:09  Infested Marine x10  
  131  21:10  Infested Marine x21  
  131  21:11  Infested Marine x13  
  161  21:35  Infested Marine  
  161  21:36  Infested Marine x19  
  161  21:37  Infested Marine x10  
  172  21:56  Infested Marine x6  
  172  21:57  Infested Marine x19  
  147  22:24  Infested Marine x3  
  147  22:25  Infested Marine x19  
  146  22:35  Infested Marine x3  
  146  22:36  Infested Marine x18  
  151  22:56  Infested Marine  
  151  22:57  Infested Marine x16  
  151  22:58  Infested Marine x10  
  158  23:11  Infested Marine  
  158  23:12  Infested Marine x15  
  158  23:13  Infested Marine x6  
Tags
 
Commander
ArtanisStukov
Matchup
Co-op
Replay Pack
Multiplayer
Add a new tag
Caveats
  • Supply blocks, unpowered buildings, or Contaminate may cause inaccurate times.
  • Supply counts are checked every 10 seconds.